Map: Paladino Terminal LE

Players

Musumeci - Winner!

  • Race: Zerg Zerg
  • League: Diamond
  • Spawn Location: 5:00

Dupsko

  • Race: Terran Terran
  • League: Diamond
  • Spawn Location: 9:00

VOD

Have the link to the VOD?

Description

Time

  • Played on: March 27, 2017, 12:48 p.m.
  • Length: 14:06
Show
View Real Time Build Order
Export as new Build Order

Musumeci Zerg - Winner!

Build Orders: Hatch First 

Get SALT Encoding   

  12  0:01  Drone  
  13  0:08  Drone  
  14  0:19  Drone, Extractor  
  15  0:41  Hatchery  
  14  0:46  Extractor  
  14  0:47  Drone  
  15  1:03  Spawning Pool  
  14  1:06  Extractor  
  14  1:08  Drone  
  14  1:17  Drone, Extractor  
  16  1:20  Overlord  
  16  1:39  Drone x2  
  18  1:43  Drone  
  19  1:49  Queen  
  21  1:54  Queen  
  21  1:58  Drone  
  24  2:02  Drone  
  24  2:08  Overlord  
  25  2:11  Drone  
  25  2:14  Drone  
  27  2:19  Drone  
  28  2:26  Drone x2, Extractor  
  29  2:32  Queen  
  31  2:39  Queen  
  31  2:41  Extractor  
  31  2:43  Drone  
  34  2:45  Drone  
  34  2:47  Drone  
  37  3:03  Overlord  
  37  3:05  Overlord  
  37  3:28  Drone  
  37  3:29  Drone x6  
  44  3:41  Drone x2  
  44  3:45  Extractor  
  44  3:46  Extractor  
  44  3:47  Drone  
  45  3:49  Roach Warren  
  45  3:51  Drone x3  
  45  3:52  Drone x3  
  50  3:58  Overlord  
  50  4:07  Hatchery  
  49  4:20  Overlord x2  
  51  4:31  Roach x4  
  51  4:35  Evolution Chamber, Overlord  
  51  4:36  Overlord  
  51  4:37  Evolution Chamber  
  55  4:45  Roach x2  
  59  4:57  Roach x3  
  65  5:01  Overlord  
  65  5:05  Drone x3, Extractor  
  67  5:08  Drone, Extractor  
  67  5:15  Roach x2  
  71  5:33  Roach x3  
  71  5:34  Roach x4  
  71  5:35  Spore Crawler  
  84  5:36  Spore Crawler  
  84  5:42  Ravager  
  70  5:59  Roach x4  
  70  6:00  Roach x4  
  80  6:08  Overlord x2  
  80  6:09  Overlord  
  72  6:29  Drone x7  
  77  6:39  Spore Crawler  
  70  6:46  Drone x6  
  70  6:47  Drone x2  
  78  6:58  Ravager  
  78  6:59  Ravager  
  78  7:00  Ravager  
  82  7:01  Ravager x2  
  78  7:11  Roach x6  
  86  7:30  Roach  
  86  7:31  Roach x7  
  86  7:35  Roach  
  104  7:42  Zerg Ground Armor Level 1, Zerg Missile Weapons Level 1  
  104  7:44  Overlord x3  
  104  7:48  Extractor, Ravager  
  104  7:49  Roach  
  106  7:53  Lair  
  106  8:02  Drone x3, Extractor  
  106  8:04  Roach  
  106  8:05  Roach x2  
  114  8:08  Roach x4  
  122  8:13  Overlord x2  
  122  8:18  Ravager  
  125  8:20  Roach  
  125  8:21  Roach x4  
  133  8:33  Roach x5  
  143  8:45  Roach  
  143  8:46  Roach x4, Overlord  
  153  9:15  Drone x3  
  146  9:46  Roach x8, Spore Crawler  
  146  9:49  Drone  
  162  9:57  Spore Crawler  
  155  10:23  Spore Crawler  
  155  10:28  Roach x4  
  158  10:59  Drone x3  
  158  11:00  Spore Crawler  
  158  11:01  Ravager x2  
  158  11:03  Overlord x7  
  162  11:15  Spore Crawler  
  162  11:16  Ravager  
  158  11:33  Hatchery  
  158  11:38  Roach x5  
  165  11:44  Ravager x12  
  165  11:45  Ravager x13  
  165  11:46  Hatchery  
  149  12:31  Glial Reconstitution  
  149  12:35  Roach  
  149  12:36  Roach x16  
  144  13:04  Roach x7  
  144  13:05  Roach x2  
  147  13:21  Roach x5  
  152  13:42  Roach  
  152  13:43  Roach x5  
Show
View Real Time Build Order
Export as new Build Order

Dupsko Terran 

Build Orders: Reaper Expand, MMM Bio 

Get SALT Encoding   

  12  0:01  SCV  
  13  0:13  SCV  
  14  0:18  Supply Depot  
  14  0:25  SCV  
  15  0:40  SCV  
  15  0:41  Barracks  
  16  0:48  Refinery  
  16  0:53  SCV  
  17  1:07  SCV  
  18  1:28  Orbital Command  
  18  1:37  Reaper  
  19  1:43  Command Center  
  19  1:57  Barracks  
  19  2:09  Barracks Reactor  
  19  2:11  Refinery  
  19  2:18  SCV  
  20  2:30  Supply Depot  
  20  2:37  SCV  
  20  2:38  Factory  
  21  2:47  Marine x2, Barracks Tech Lab  
  23  2:52  SCV  
  23  2:56  Orbital Command  
  24  3:06  SCV  
  25  3:17  Marine x2  
  25  3:18  Stimpack  
  27  3:27  SCV  
  27  3:30  Marine  
  28  3:34  Marine  
  28  3:39  Starport  
  28  3:41  Factory Reactor  
  29  3:48  Supply Depot  
  29  3:51  Marine x2  
  29  3:53  SCV  
  29  3:55  SCV  
  33  4:01  Marine  
  34  4:05  SCV  
  34  4:09  SCV  
  36  4:10  Supply Depot  
  36  4:11  Marine  
  37  4:23  Medivac  
  37  4:24  Widow Mine, Medivac  
  41  4:27  SCV x2  
  41  4:31  Marauder, Marine  
  47  4:32  Marine  
  47  4:37  Engineering Bay  
  49  4:49  Marine  
  49  4:50  SCV, Marine  
  49  4:52  Widow Mine, Marauder  
  54  4:59  Supply Depot  
  56  5:06  Terran Infantry Weapons Level 1  
  56  5:15  Marine x2  
  56  5:18  Combat Shields  
  56  5:21  Marine, Medivac  
  60  5:22  SCV  
  60  5:27  Widow Mine, Engineering Bay  
  64  5:33  Marine x2  
  66  5:49  Marauder  
  64  5:51  Marine x2  
  62  6:08  Marine x2  
  62  6:11  Marauder  
  61  6:22  Command Center  
  55  6:32  Marauder  
  51  6:40  Factory Tech Lab  
  51  6:45  Barracks x2, Marine x2  
  53  6:54  Marauder  
  55  7:00  Terran Infantry Armor Level 1  
  55  7:03  Marine x2  
  55  7:15  Marauder  
  53  7:21  Marine x2  
  55  7:26  Medivac x2  
  51  7:31  SCV x2  
  51  7:34  Barracks  
  51  7:36  Marauder, Barracks Reactor, Barracks Tech Lab  
  55  7:38  Marine  
  55  7:43  SCV  
  55  7:44  SCV  
  58  7:45  Orbital Command  
  58  7:55  SCV  
  58  7:56  Marauder, SCV, Concussive Shells, Medivac  
  58  7:58  Marauder  
  66  8:04  Marine x2, Supply Depot  
  68  8:06  Barracks  
  68  8:07  SCV, Medivac  
  68  8:08  SCV  
  72  8:13  Refinery  
  72  8:14  Marine x2  
  72  8:17  Marauder  
  72  8:18  Marine  
  72  8:19  SCV  
  78  8:22  Marine x2  
  78  8:23  Barracks Tech Lab  
  78  8:25  SCV x2  
  82  8:35  Marine, Medivac  
  82  8:36  Marine  
  82  8:37  Marauder  
  82  8:38  Marauder  
  82  8:40  Marine x2  
  92  8:53  Marine  
  93  9:21  Marine  
  93  9:22  Marine  
  93  9:23  Marine x2  
  93  9:25  Marauder  
  93  9:26  Marauder  
  93  9:40  SCV, Marine  
  93  9:50  Supply Depot  
  93  9:51  Supply Depot  
  93  9:59  Marauder, SCV x2, Medivac x2  
  101  10:01  Supply Depot x2  
  101  10:11  Marine x4  
  101  10:12  Marauder x2, Marine  
  110  10:20  Marauder  
  112  10:26  Armory  
  112  10:28  Barracks  
  112  10:29  Marine x4  
  112  10:30  Marine  
  112  10:33  Marauder x2  
  121  10:42  Marauder  
  121  10:47  Marine x4  
  121  10:48  Marine  
  123  10:55  Marauder x2  
  124  10:58  SCV x2  
  124  11:03  Marauder  
  128  11:05  Marine x4  
  128  11:06  Marine  
  133  11:20  Command Center  
  133  11:23  Marauder, Marine  
  133  11:25  Marine x3  
  133  11:26  Marauder  
  133  11:29  Marauder  
  133  11:30  Marine  
  132  11:41  Marine  
  133  12:01  SCV, Marine x2, Barracks Tech Lab  
  133  12:02  Marauder x3  
  136  12:22  Marauder, Marine x3  
  124  12:23  Marauder x3  
  90  12:39  Marine x2  
  90  12:44  Marauder x3  
  91  12:45  Marauder  
  91  12:50  Marine x2  
  64  12:54  Marine  
  64  12:57  Marine x2  
  62  13:05  Marauder  
  61  13:06  Marauder x2  
  61  13:08  Marine  
  61  13:12  Orbital Command, Marine  
  48  13:15  Marine  
  48  13:16  Marine  
  40  13:26  Marauder  
  39  13:27  Marauder  
  40  13:34  Marine  
Tags
 
Add a new tag
Caveats
  • Supply blocks, unpowered buildings, or Contaminate may cause inaccurate times.
  • Supply counts are checked every 10 seconds.